 Dungeon Sprint DCSS version 0.31-a0-702-gf82c85558f (webtiles) character file.

Game seed: 15405791825231774705

5831 sircluck the Grappler (level 10, -6/118 HPs)
             Began as a Troll Berserker on Sept 8, 2023.
             Was a High Priest of Trog.
             Mangled by a death cob (22 damage)
             ... in the Dungeon (Sprint VII: "The Pits").
             The game lasted 00:03:07 (873 turns).

sircluck the Grappler (Troll Berserker)              Turns: 873, Time: 00:03:07

Health: -6/118     AC:  8    Str: 31    XL:     10   Next: 51%
Magic:  9/9        EV: 14    Int:  3    God:    Trog [*****.]
Gold:   0          SH:  0    Dex: 12    Spells: 9/9 levels left

rFire   . .          .
                       - Unarmed
rCold   . . .        (no shield)
rNeg    . . .        a - +0 animal skin
rPois   .            (helmet restricted)
rElec   .            l - +0 cloak
rCorr   .            (gloves unavailable)
SInv    .            (boots unavailable)
Will    .....        (no amulet)
Stlth   +            k - +3 ring of dexterity
HPRegen 1.19/turn    n - +3 ring of protection
MPRegen 0.11/turn

%: no teleportation
@: slowed, very slow
A: large, unfitting armour, claws 3, regeneration 1, shaggy fur 1, tough skin 1
a: Renounce Religion, Berserk, Trog's Hand, Brothers in Arms


You were in the Dungeon.
You worshipped Trog.
Trog was extremely pleased with you.
You visited 1 branch

Inventory:

Missiles
 p - 3 large rocks (quivered)
 q - 3 throwing nets
 s - 3 curare-tipped darts
Armour
 a - a +0 animal skin (worn)
 l - a +0 cloak (worn)
Jewellery
 k - a +3 ring of dexterity (left claw)
 n - a +3 ring of protection (right claw)
Wands
 r - a wand of paralysis (11)
Scrolls
 g - a scroll of blinking
 i - 2 scrolls of vulnerability
 j - a scroll of butterflies
Potions
 b - 5 potions of curing
 c - 13 potions of heal wounds
 d - a potion of haste
 e - 4 potions of magic
 f - 3 potions of berserk rage
 h - 2 potions of invisibility
 m - a potion of mutation
 o - a potion of resistance


   Skills:
 + Level 12.8 Fighting
 + Level 12.6 Dodging
 + Level 14.8 Unarmed Combat


You had 9 spell levels left.
You didn't know any spells.
Your spell library was empty.

Dungeon Overview and Level Annotations

Branches:
Dungeon (1/1)

Altars:
Ashenzari
Cheibriados
Dithmenos
Elyvilon
Fedhas
Gozag
Hepliaklqana
Kikubaaqudgha
Makhleb
Nemelex Xobeh
Okawaru
Qazlal
Ru
Sif Muna
Trog
Uskayaw
Vehumet
Wu Jian
Xom
Yredelemnul
Zin
The Shining One
Jiyva
Lugonu


Innate Abilities, Weirdness & Mutations

You are too large for most types of armour.
You have claws for hands.
Your natural rate of healing is unusually fast.
You are covered in fur. (AC +1)
You have tough skin. (AC +1)


Message History

The death cob drains your vigour!
You feel as though you will be slow longer.
The death cob is engulfed in calcifying dust.
The death cob stops moving altogether!
The death cob is engulfed in calcifying dust. x2
The orange demon barely misses you.
Your two-headed ogre goes berserk!
The death cob is engulfed in calcifying dust. x3
The orange demon stings you from afar.
* * * LOW HITPOINT WARNING * * *
The death cob is engulfed in calcifying dust.
The orange demon closely misses you.
You feel much better. The orange demon closely misses you.
Your two-headed ogre is engulfed in calcifying dust.
Your two-headed ogre is moving more slowly.
Your two-headed ogre hits the death cob with a +0 giant club!!
Your two-headed ogre hits the death cob with a +0 dire flail!!
Unknown command.
You feel much better. The orange demon stings you from afar.
Your two-headed ogre is engulfed in calcifying dust.
Your two-headed ogre stops moving altogether!
The orange demon closely misses you.
Your two-headed ogre is engulfed in calcifying dust.
The helpless death cob fails to defend itself.
You eviscerate the death cob!!!
The death cob is heavily damaged.
The death cob is no longer petrified.
The death cob hits you!! The death cob drains your vigour!
You feel as though you will be slow longer.
The death cob hits you!!
* * * LOW HITPOINT WARNING * * *
The orange demon stings you but does no damage.
The death cob hits you.
* * * LOW HITPOINT WARNING * * *
Unknown command.
Unknown command.
You feel much better. The death cob hits you!!
* * * LOW HITPOINT WARNING * * *
The death cob hits you!!
You die...

'################ ####
.#..............###..#
.##.....)†.......#..##
.####...#)######.†.##
.#..#####.##.. ##)##
.#....##...#...#...#
.'.....#...#..4#...#
.'.....'...+.).zO..+
.'..)..#...#...#@..#
.#....##...#.. #...#
.#..#####.##. ##+##
.#### #+## .# .# ##


You could see a death cob (ally target), an orange demon and a friendly
two-headed ogre (summoned, berserk, petrified).

Vanquished Creatures
  Harold (D)
  A two-headed ogre (D)
  Sonja (D)
  A phantasmal warrior (D)
  A cyclops (D)
  An eye of devastation (D)
  An unseen horror (D)
  An ice devil (D)
  A red devil (D)
  2 polar bears (D)
  A flying skull (D)
  A wraith (D)
  A basilisk (D)
  3 vampire mosquitoes (D)
  2 water moccasins (D)
  A black bear (D)
  An ogre (D)
  A wolf (D)
  A gnoll sergeant (D)
  5 scorpions (D)
  3 wights (D)
  An adder (D)
  A river rat (D)
  An ufetubus (D)
  An orc (D)
  A ball python (D)
  A bat (D)
  A goblin (D)
  A kobold (D)
  A ball python skeleton (D)
40 creatures vanquished.

Vanquished Creatures (others)
  A bat (D)
1 creature vanquished.

Grand Total: 41 creatures vanquished

Notes
Turn   | Place    | Note
-------+----------+-------------------------------------------
     0 | D        | sircluck the Troll Berserker began the quest for the Orb.
     0 | D        | Reached XP level 1. HP: 22/22 MP: 0/0
    34 | D        | Reached XP level 2. HP: 26/31 MP: 1/1
    62 | D        | Found a bloodstained altar of Trog.
    62 | D        | Found a shimmering blue altar of Sif Muna.
    62 | D        | Found a viscous altar of Jiyva.
    62 | D        | Found a hazy altar of Hepliaklqana.
    62 | D        | Found an opulent altar of Gozag.
    63 | D        | Found a glowing golden altar of the Shining One.
    63 | D        | Found a glowing silver altar of Zin.
    63 | D        | Found a basalt altar of Yredelemnul.
    63 | D        | Found a shimmering altar of Xom.
    63 | D        | Found an ornate altar of the Wu Jian Council.
    63 | D        | Found a sacrificial altar of Ru.
    63 | D        | Found a stormy altar of Qazlal.
    63 | D        | Found an iron altar of Okawaru.
    63 | D        | Found a sparkling altar of Nemelex Xobeh.
    63 | D        | Found a burning altar of Makhleb.
    63 | D        | Found a blossoming altar of Fedhas.
    63 | D        | Found a white marble altar of Elyvilon.
    63 | D        | Found a shadowy altar of Dithmenos.
    63 | D        | Found a snail-covered altar of Cheibriados.
    68 | D        | Noticed a scorpion
    79 | D        | Killed a scorpion
    80 | D        | Reached skill level 5 in Unarmed Combat
    80 | D        | Reached XP level 3. HP: 15/40 MP: 2/2
    84 | D        | Reached ** piety under Trog
    85 | D        | Reached XP level 4. HP: 20/49 MP: 3/3
   119 | D        | Noticed a scorpion
   122 | D        | Killed a scorpion
   123 | D        | Reached skill level 5 in Fighting
   123 | D        | Reached skill level 5 in Dodging
   123 | D        | Reached skill level 6 in Unarmed Combat
   145 | D        | Reached skill level 7 in Unarmed Combat
   145 | D        | Reached XP level 5. HP: 59/59 MP: 4/4
   148 | D        | Reached *** piety under Trog
   155 | D        | Reached skill level 8 in Unarmed Combat
   155 | D        | Reached XP level 6. HP: 14/68 MP: 5/5
   161 | D        | Reached **** piety under Trog
   288 | D        | Noticed a water moccasin
   309 | D        | Noticed a water moccasin
   318 | D        | Killed a water moccasin
   319 | D        | Reached skill level 9 in Unarmed Combat
   319 | D        | Reached XP level 7. HP: 76/79 MP: 6/6
   320 | D        | Reached ***** piety under Trog
   364 | D        | Reached skill level 10 in Unarmed Combat
   369 | D        | Killed an unseen horror
   370 | D        | Reached XP level 8. HP: 87/92 MP: 7/7
   371 | D        | Noticed a flying skull
   382 | D        | Killed a flying skull
   383 | D        | Reached skill level 11 in Unarmed Combat
   385 | D        | Received a gift from Trog
   426 | D        | Noticed a red devil
   426 | D        | Noticed an eye of devastation
   434 | D        | Killed a red devil
   484 | D        | Killed an eye of devastation
   485 | D        | Reached skill level 10 in Fighting
   485 | D        | Reached skill level 10 in Dodging
   485 | D        | Reached skill level 12 in Unarmed Combat
   618 | D        | Found a radiant altar of Vehumet.
   618 | D        | Found a corrupted altar of Lugonu.
   619 | D        | Found an ancient bone altar of Kikubaaqudgha.
   619 | D        | Found a hide-covered altar of Uskayaw.
   619 | D        | Found a broken altar of Ashenzari.
   660 | D        | Noticed a cyclops
   660 | D        | Noticed an ice devil
   668 | D        | Killed an ice devil
   669 | D        | Reached XP level 9. HP: 102/102 MP: 8/8
   671 | D        | Killed a cyclops
   743 | D        | Noticed a polar bear
   743 | D        | Noticed Sonja
   750 | D        | Killed Sonja
   751 | D        | Reached skill level 13 in Unarmed Combat
   753 | D        | Noticed Harold
   758 | D        | Killed Harold
   758 | D        | Received a gift from Trog
   759 | D        | Reached XP level 10. HP: 115/115 MP: 9/9
   767 | D        | Reached skill level 14 in Unarmed Combat
   808 | D        | Noticed a phantasmal warrior
   813 | D        | Killed a phantasmal warrior
   854 | D        | Received a gift from Trog
   859 | D        | Noticed an orange demon
   859 | D        | Noticed a two-headed ogre
   861 | D        | Noticed a catoblepas
   865 | D        | Noticed a death cob
   866 | D        | Killed a two-headed ogre
   873 | D        | Mangled by a death cob

Illustrated notes

Levels and vault maps discovered:
D:        pitsprint [storerooms_1, entrance_room_1, metal_vault_1, armoury_3,
          mini_pit_1, grid_room_1, main_hall_1, silver_pit, the_coven_1,
          the_vestibule_1, steel_vault_1, golden_pit, hallway_of_sentries,
          crystal_vault_1, iron_vault_1, final_vault]

Skill      XL: |  1  2  3  4  5  6  7  8  9 10 |
---------------+-------------------------------+-----
Fighting       | 3 4 6 7 9 10 11 12 | 12.8
Dodging        | 3 4 5 6 7 9 10 11 12 | 12.6
Unarmed Combat | 5 7 8 9 10 12 13 14 | 14.8

Action                     |  1- 3 |  4- 6 |  7- 9 | 10-12 || total
---------------------------+-------+-------+-------+-------++-------
  Melee: Unarmed           |    18 |    21 |    59 |    32 ||   130
         Punch             |       |     2 |     6 |     3 ||    11
 Invoke: Berserk           |       |       |     3 |       ||     3
         Brothers in Arms  |       |       |     2 |     1 ||     3
    Use: Potion            |       |       |       |     4 ||     4
   Stab: Petrified         |       |       |       |     1 ||     1
 Armour: Animal skin       |    28 |    17 |    35 |    35 ||   115
  Dodge: Dodged            |    28 |    15 |    34 |    18 ||    95

Table legend: (Time is in decaauts)
 A = Elapsed time spent in this place.
 B = Non-inter-level travel time spent in this place.
 C = Inter-level travel time spent in this place.
 D = Time resting spent in this place.
 E = Time spent auto-exploring this place.
 F = Levels seen in this place.
 G = Mean time per level.
                   A        B        C        D        E       F      G
               +--------+--------+--------+--------+--------+-----+--------+
         Total |    882 |    803 |     79 |    222 |    175 |   1 |  882.0 |
       Dungeon |    882 |    803 |     79 |    222 |    175 |   1 |  882.0 |
               +--------+--------+--------+--------+--------+-----+--------+

Top non-repeatable levels by time:
       D: 882 daAuts
